 Dungeon Crawl Stone Soup version 0.31-a0-876-gfe8ebadbca (webtiles) character file.

Game seed: 3926135359344593183

2499 IndexError the Geomancer (level 9, -3/45 HPs)
             Began as a Gargoyle Earth Elementalist on Oct 13, 2023.
             Was an Initiate of Gozag.
             Shot with a sling bullet by Joseph (22 damage)
             ... on level 7 of the Dungeon.
             The game lasted 00:06:46 (7378 turns).

IndexError the Geomancer (GrEE)                     Turns: 7378, Time: 00:06:46

Health: -3/45      AC:  8    Str: 12    XL:     9   Next: 53%
Magic:  18/21      EV: 11    Int: 20    God:    Gozag
Gold:   456        SH:  0    Dex: 10    Spells: 23/24 levels left

rFire   . . .        e - +1 dagger (venom)
rCold   . . .        (no shield)
rNeg    + . .        a - +0 robe
rPois   ∞            (no helmet)
rElec   +            (no cloak)
rCorr   .            (no gloves)
SInv    .            (no boots)
Will    .....        (no amulet)
Stlth   ++           (no ring)
HPRegen 0.27/turn    (no ring)
MPRegen 0.17/turn

%: no passive effects
@: gold aura
A: sickness immunity, AC +6, negative energy resistance 1, electricity
resistance, torment resistance 1, petrification resistance
a: Renounce Religion, Potion Petition, Call Merchant, Bribe Branch


You were on level 7 of the Dungeon.
You worshipped Gozag.
Gozag was aware of your devotion.
You visited 2 branches of the dungeon, and saw 8 of its levels.
You also visited: Sewer.

You collected 496 gold pieces.
You paid 40 gold pieces to Gozag.

Inventory:

Hand Weapons
 e - a +1 dagger of venom (weapon)
   (You took it off a goblin on level 1 of the Dungeon)
Missiles
 h - 6 javelins
 o - 6 curare-tipped darts
 p - 18 poisoned darts
 w - a throwing net {=f, !d}
Armour
 a - a +0 robe (worn)
Wands
 y - a wand of polymorph (11)
   (You found it on level 7 of the Dungeon)
 z - a wand of flame (19)
   (You found it on level 7 of the Dungeon)
Scrolls
 g - a scroll of enchant armour {unknown}
 i - 3 scrolls of identify {unknown}
 j - 5 scrolls of blinking {unknown}
 l - a scroll of fog {unknown}
 m - a scroll of revelation {unknown}
 n - a scroll of acquirement {unknown}
 r - 2 scrolls of teleportation {unknown}
 t - 2 scrolls of enchant weapon {unknown}
 v - 2 scrolls of vulnerability {unknown}
Potions
 b - a potion of magic
 c - a potion of enlightenment {unknown}
 d - 2 potions of heal wounds {unknown}
 f - a potion of attraction {unknown}
 k - a potion of haste {unknown}
 q - 2 potions of invisibility {unknown}
 s - a potion of mutation {unknown}
 u - a potion of berserk rage {unknown}
 x - a potion of ambrosia {unknown}
 A - a potion of curing {unknown}


   Skills:
 - Level 1.5 Dodging
 - Level 2.1 Stealth
 + Level 8.4 Spellcasting
 - Level 0.7 Transmutations
 + Level 11.2 Earth Magic


You had 23 spell levels left.
You knew the following spells:

 Your Spells              Type           Power      Damage    Failure   Level
a - Sandblast             Erth           100%       2d20      1%          1

Your spell library contained the following spells:

 Spells                   Type           Power      Damage    Failure   Level
 Passwall                 Tmut/Erth      26%        N/A       1%          2
 Stone Arrow              Conj/Erth      60%        3d10      2%          3
 Petrify                  Tmut/Erth      32%        N/A       7%          4
 Magic Dart               Conj           32%        1d4       9%          1
 Animate Armour           Summ/Erth      60%        N/A       9%          4
 Brom's Barrelling Bould  Conj/Erth      30%        2d5       9%          4
 Blink                    Tloc           16%        N/A       12%         2
 Call Imp                 Summ           16%        N/A       12%         2
 Lesser Beckoning         Tloc           16%        N/A       12%         2
 Momentum Strike          Conj/Tloc      16%        3d8       12%         2
 Poisonous Vapours        Pois/Air       16%        N/A       12%         2
 Borgnjor's Vile Clutch   Necr/Erth      15%        N/A       22%         5
 Dazzling Flash           Conj/Hex       16%        N/A       24%         3
 Frozen Ramparts          Ice            16%        1d3       24%         3
 Gell's Gravitas          Tloc           8%         N/A       24%         3
 Mephitic Cloud           Conj/Pois/Air  8%         N/A       24%         3
 Teleport Other           Tloc           8%         N/A       24%         3
 Agony                    Necr           8%         N/A       92%         5
 Freezing Cloud           Conj/Ice/Air   4%         6-21      92%         5
 Metabolic Englaciation   Hex/Ice        4%         N/A       92%         5
 Silence                  Hex/Air        4%         N/A       92%         5
 Death Channel            Necr           4%         N/A       100%        6
 Dispersal                Tloc           4%         N/A       100%        6
 Lehudib's Crystal Spear  Conj/Erth      15%        10d5      100%        8
 Animate Dead             Necr           Unusable   N/A       N/A         4

Dungeon Overview and Level Annotations

Branches:
Dungeon (7/15)             Temple (1/1) D:4           Sewer (visited)

Altars:
Ashenzari
Cheibriados
Elyvilon
Fedhas
Gozag
Makhleb
Nemelex Xobeh
Okawaru
Qazlal
Ru
Trog
Uskayaw
Xom
Yredelemnul
Lugonu

Shops:
D:1 =   D:7 ![

Annotations:
D:6 1 transporter, Pascal76's ghost, novice GrGl
D:7 Joseph


Innate Abilities, Weirdness & Mutations

You are immune to sickness and miasma.
Your stone body is resilient. (AC +6)
You are immune to poison.
You resist negative energy. (rN+)
You are resistant to electric shocks. (rElec)
You are resistant to unholy torment.
You are immune to petrification.


Message History

MP restored: 21 A bullfrog is nearby!
A bullfrog is nearby!
The blast of sand hits the bullfrog!!
The bullfrog croaks.
You hear a shout!
The bullfrog hits you.
You take 3 damage, and have 42/45 hp.
You now have 20/21 mp.
The blast of sand hits the bullfrog!!!
An orc wizard comes into view. It is wielding a +2 dagger of speed.
Your Earth Magic skill increases to level 11!
You now have 19/21 mp.
You can't see any susceptible monsters within range! (Use Z to cast anyway.)
An orc wizard is nearby!
An orc wizard is nearby!
An orc wizard is nearby!
You see here 8 gold pieces.
The blast of sand misses the orc wizard.
The orc wizard points at you and mumbles some strange words.
You easily resist.
A wight comes into view. It is wielding a +2 dagger.
The blast of sand hits the orc wizard!!
You now have 18/21 mp.
The blast of sand hits the wight!
You now have 17/21 mp.
The blast of sand hits the wight.
The wight closely misses you.
Health restored: 45 The blast of sand hits the wight!!
You now have 16/21 mp.
You can't see any susceptible monsters within range! (Use Z to cast anyway.)
A white imp comes into view.
A white imp is nearby!
A white imp is nearby!
The white imp is distracted by your dazzling golden aura.
Things that are here:
8 gold pieces; a +2 dagger; a +0 robe The blast of sand hits the white imp.
The white imp is no longer distracted by gold.
The white imp shouts, "Back with thee, thou gorbellied hell-hated malt-worm!"
The white imp gestures at you. The puff of frost misses you.
You now have 15/21 mp.
The blast of sand hits the white imp!!
You can't see any susceptible monsters within range! (Use Z to cast anyway.)
You can't see any susceptible monsters within range! (Use Z to cast anyway.)
You now have 429 gold pieces (gained 8).
Things that are here:
a +2 dagger; a +0 robe You now have 435 gold pieces (gained 6).
Things that are here:
a +2 dagger of speed; a +0 robe MP restored: 21 You now have 442 gold pieces (gained 7).
You now have 448 gold pieces (gained 6).
Things that are here:
a +2 dagger of speed; a +0 robe
Things that are here:
a +2 dagger; a +0 robe You now have 456 gold pieces (gained 8).
Things that are here:
a +2 dagger; a +0 robe
Things that are here:
a +2 dagger of speed; a +0 robe
There is an open door here.
A sky beast and 3 wights come into view.
There are monsters nearby!
There are monsters nearby!
Joseph, a Mercenary comes into view.
He is wielding a +3 quarterstaff of distortion and carrying a wand of flame.
The sky beast flickers out of sight!
Deactivating autopickup; reactivate with Ctrl-A.
The blast of sand hits the wight.
Joseph shouts!
The wight hits you with a +0 mace. x2
Joseph shouts, "At last, some action!"
You take 7 damage, and have 38/45 hp.
You now have 20/21 mp.
The blast of sand hits the wight!!
Something hits you but does no damage.
A wight comes into view.
It is wielding a +1 hand axe of freezing.
You now have 19/21 mp.
The blast of sand hits something!!
Reactivating autopickup.
You feel a bit more experienced.
The wight hits you from afar with a +1 halberd.
The wight is distracted by your dazzling golden aura.
The wight barely misses you.
You take 4 damage, and have 35/45 hp.
You now have 18/21 mp.
The wight is no longer distracted by gold.
The wight attacks as it pursues you! The wight closely misses you.
The wight attacks as it pursues you!
The wight hits you with a +0 great sword!
You take 17 damage, and have 19/45 hp.
MASSIVE DAMAGE!!
Casting: Sandblast (safe; 1% risk of failure)
Confirm with . or Enter, or press ? or * to list all spells.
Aiming: Sandblast (safe; 1% risk of failure)
Press: ? - help, Shift-Dir - straight line, f - wight
Aim: a wight, wielding a +0 great sword and wearing a +0 robe (85% to hit)
The blast of sand hits the wight!
Joseph unwields a +3 quarterstaff of distortion.
Its appearance distorts for a moment.
Joseph wields a +0 sling.
Joseph shoots a sling bullet.
The sling bullet hits you!!
You die...
Your body crumbles into a pile of gold.

# #. #. #.
#..##.########.
#....$.........
#.....z........
##### #.....$@.#
##...## .....###.#
#.....# ### #$#
###'############@#
)................#
.#.#.#.#.#.#.#.###
.......#...(...#
################
...# #.# #.#
...#######.###.# ##
.............#.# .
.#.#####.###.#.#####
#


You could see Joseph.

Vanquished Creatures
  Sigmund (D:4)
  3 sky beasts
  A black bear (D:5)
  An ice beast (D:7)
  An orc warrior (D:6)
  A phantom (D:7)
  4 kobold brigands (Sewer)
  3 bullfrogs (D:7)
  2 scorpions
  6 wights
  A killer bee (D:7)
  A jelly (D:6)
  4 hounds
  3 iron imps (D:6)
  2 orc priests (D:6)
  2 iguanas
  3 sleepcaps
  3 orc wizards
  7 adders
  6 gnolls
  6 river rats
  A shadow imp (D:6)
  A white imp (D:7)
  2 ufetubi
  2 worms (Sewer)
  A dart slug (D:2)
  13 orcs
  13 endoplasms
  2 giant cockroaches
  12 goblins
  13 hobgoblins
  6 jackals
  8 kobolds
  2 quokkas (D:3)
  6 ball pythons
  8 bats
  4 frilled lizards (D:1)
  11 rats
166 creatures vanquished.

Notes
Turn   | Place    | Note
-------+----------+-------------------------------------------
     0 | D:1      | IndexError the Gargoyle Earth Elementalist began the quest
                  | for the Orb.
     0 | D:1      | Reached XP level 1. HP: 10/10 MP: 3/3
   112 | D:1      | HP: 2/10 [frozen (5)]
   221 | D:1      | Reached XP level 2. HP: 15/15 MP: 3/5
   283 | D:1      | Reached skill level 4 in Earth Magic
   557 | D:1      | Found Suroiby's Jewellery Shoppe.
   858 | D:2      | Reached XP level 3. HP: 19/19 MP: 1/7
  1412 | D:2      | Reached skill level 3 in Spellcasting
  1961 | D:3      | Found a glowing drain.
  1975 | D:3      | Reached XP level 4. HP: 24/24 MP: 2/8
  2006 | Sewer    | Entered a sewer
  2085 | Sewer    | Noticed a kobold brigand
  2090 | Sewer    | Killed a kobold brigand
  2091 | Sewer    | Reached skill level 5 in Earth Magic
  2091 | Sewer    | Reached XP level 5. HP: 28/28 MP: 5/10
  2203 | Sewer    | Noticed a kobold brigand
  2212 | Sewer    | Killed a kobold brigand
  2213 | Sewer    | Reached skill level 4 in Spellcasting
  2213 | Sewer    | Reached skill level 6 in Earth Magic
  2366 | Sewer    | Reached XP level 6. HP: 18/32 MP: 5/12
  3247 | D:3      | Reached skill level 7 in Earth Magic
  3247 | D:3      | Reached XP level 7. HP: 29/36 MP: 10/14
  3378 | D:3      | Reached skill level 5 in Spellcasting
  3475 | D:3      | Found a shimmering altar of Xom.
  4108 | D:4      | Noticed Sigmund
  4113 | D:4      | Killed Sigmund
  4114 | D:4      | Reached skill level 8 in Earth Magic
  4161 | D:4      | Found a staircase to the Ecumenical Temple.
  4224 | Temple   | Entered the Ecumenical Temple
  4260 | D:4      | Found a stormy altar of Qazlal.
  4273 | D:4      | Reached skill level 6 in Spellcasting
  4273 | D:4      | Reached XP level 8. HP: 40/41 MP: 11/17
  4775 | D:4      | Found a sparkling altar of Nemelex Xobeh.
  4964 | D:5      | Entered Level 5 of the Dungeon
  4965 | D:5      | Found a broken altar of Ashenzari.
  5404 | D:5      | Found a bloodstained altar of Trog.
  5882 | Temple   | Became a worshipper of Gozag Ym Sagoz the Greedy
  6050 | D:6      | Reached skill level 9 in Earth Magic
  6164 | D:6      | Reached skill level 7 in Spellcasting
  6266 | D:6      | Found a transporter.
  6268 | D:6      | Noticed Pascal76's ghost (novice GrGl)
  6351 | D:6      | Found a burning altar of Makhleb.
  6558 | D:6      | Reached skill level 10 in Earth Magic
  6562 | D:6      | Reached XP level 9. HP: 32/45 MP: 10/20
  6852 | D:7      | Found Nyixeg's Armour Shop.
  6997 | D:7      | Found an iron altar of Okawaru.
  7085 | D:7      | Found Fappev's Distillery.
  7245 | D:7      | Reached skill level 8 in Spellcasting
  7286 | D:7      | Reached skill level 11 in Earth Magic
  7371 | D:7      | Noticed Joseph
  7378 | D:7      | Shot with a sling bullet by Joseph

Illustrated notes

Levels and vault maps discovered:
D:1:      kennysheep_arrival_seaside, layout_basic, serial_shops,
          nicolae_diamond_shop
D:2:      layout_basic, serial_aquarium, aquarium_bridge_square
          [aquarium_subvault_bridge, aquarium_subvault_window,
          aquarium_subvault_wall, aquarium_subvault_bridge], aquarium_window_2,
          aquarium_window_2, aquarium_window_1, aquarium_window_1,
          aquarium_view_2b, aquarium_view_2d, aquarium_balcony_1b,
          aquarium_pool_corner, minmay_misc_feat_square, minmay_goblin_outpost
D:3:      layout_basic, xom_confusion_cloud, cheibrodos_sewer_entry_sluice
D:4:      layout_loops_corners, nemelex_spade_bored_becter,
          nicolae_qazlal_beasts_of_the_sky, minmay_temple_entry_junction,
          uniq_sigmund
D:5:      layout_loops_ring, trog_hazing_becter,
          mainiacjoe_overflow_tiny_flanked
D:6:      layout_rooms, demons_altar, gammafunk_ghost_smash, st_stairs_14,
          chequers_serial_rivers_small_a
D:7:      layout_loops_ring, okawaru_gym_becter, serial_shops,
          nicolae_shop_waterfront, shop, nicolae_shop_just_a_little_nook,
          kennysheep_mini, hangedman_minor_gate_pass, uniq_joseph
Temple:   corrupted_temple

Skill      XL: |  1  2  3  4  5  6  7  8  9 |
---------------+----------------------------+-----
Earth Magic    | 4 5 6 7 8 10 11 | 11.2
Spellcasting   | 3 4 6 7 8 |  8.4
Dodging        | |  1.5
Stealth        | |  2.1
Transmutations | |  0.7

Action                     |  1- 3 |  4- 6 |  7- 9 || total
---------------------------+-------+-------+-------++-------
  Melee: Dagger            |     5 |       |     7 ||    12
   Cast: Sandblast         |    50 |    60 |   158 ||   268
 Armour: Robe              |    16 |    25 |    57 ||    98
  Dodge: Dodged            |    17 |    29 |    32 ||    78

Table legend: (Time is in decaauts)
 A = Elapsed time spent in this place.
 B = Non-inter-level travel time spent in this place.
 C = Inter-level travel time spent in this place.
 D = Time resting spent in this place.
 E = Time spent auto-exploring this place.
 F = Levels seen in this place.
 G = Mean time per level.
                   A        B        C        D        E       F      G
               +--------+--------+--------+--------+--------+-----+--------+
         Total |   7722 |   7083 |    639 |     28 |   6064 |   9 |  858.0 |
       Dungeon |   6344 |   5741 |    603 |     28 |   4977 |   7 |  906.3 |
        Temple |     39 |      4 |     35 |      0 |      0 |   1 |   39.0 |
         Sewer |   1338 |   1338 |      0 |      0 |   1087 |   1 | 1338.0 |
               +--------+--------+--------+--------+--------+-----+--------+

Top non-repeatable levels by time:
   Sewer: 1338 daAuts
     D:4: 1103 daAuts
     D:2: 1034 daAuts
     D:5: 982 daAuts
     D:1: 941 daAuts
     D:3: 903 daAuts
     D:6: 875 daAuts
     D:7: 504 daAuts
  Temple: 39 daAuts

Levels and vault maps discovered:
D:1:      kennysheep_arrival_seaside, layout_basic, serial_shops,
          nicolae_diamond_shop
D:2:      layout_basic, serial_aquarium, aquarium_bridge_square
          [aquarium_subvault_bridge, aquarium_subvault_window,
          aquarium_subvault_wall, aquarium_subvault_bridge], aquarium_window_2,
          aquarium_window_2, aquarium_window_1, aquarium_window_1,
          aquarium_view_2b, aquarium_view_2d, aquarium_balcony_1b,
          aquarium_pool_corner, minmay_misc_feat_square, minmay_goblin_outpost
D:3:      layout_basic, xom_confusion_cloud, cheibrodos_sewer_entry_sluice
D:4:      layout_loops_corners, nemelex_spade_bored_becter,
          nicolae_qazlal_beasts_of_the_sky, minmay_temple_entry_junction,
          uniq_sigmund
D:5:      layout_loops_ring, trog_hazing_becter,
          mainiacjoe_overflow_tiny_flanked
D:6:      layout_rooms, demons_altar, gammafunk_ghost_smash, st_stairs_14,
          chequers_serial_rivers_small_a
D:7:      layout_loops_ring, okawaru_gym_becter, serial_shops,
          nicolae_shop_waterfront, shop, nicolae_shop_just_a_little_nook,
          kennysheep_mini, hangedman_minor_gate_pass, uniq_joseph
Temple:   corrupted_temple

Table legend: (Time is in decaauts)
 A = Elapsed time spent in this place.
 B = Non-inter-level travel time spent in this place.
 C = Inter-level travel time spent in this place.
 D = Time resting spent in this place.
 E = Time spent auto-exploring this place.
 F = Levels seen in this place.
 G = Mean time per level.
                   A        B        C        D        E       F      G
               +--------+--------+--------+--------+--------+-----+--------+
         Total |   7722 |   7083 |    639 |     28 |   6064 |   9 |  858.0 |
       Dungeon |   6344 |   5741 |    603 |     28 |   4977 |   7 |  906.3 |
        Temple |     39 |      4 |     35 |      0 |      0 |   1 |   39.0 |
         Sewer |   1338 |   1338 |      0 |      0 |   1087 |   1 | 1338.0 |
               +--------+--------+--------+--------+--------+-----+--------+

Top non-repeatable levels by time:
   Sewer: 1338 daAuts
     D:4: 1103 daAuts
     D:2: 1034 daAuts
     D:5: 982 daAuts
     D:1: 941 daAuts
     D:3: 903 daAuts
     D:6: 875 daAuts
     D:7: 504 daAuts
  Temple: 39 daAuts

Table legend:
 A = Kills in this place as a percentage of kills in the entire game.
 B = Kills by you in this place as a percentage of kills by you in the entire game.
 C = Kills by friends in this place as a percentage of kills by friends in the entire game.
 D = Other kills in this place as a percentage of other kills in the entire game.
 E = Experience gained in this place as a percentage of experience gained in the entire game.
 F = Experience gained in this place divided by the number of levels of this place that you have seen.
                   A       B       C       D       E      F
               +-------+-------+-------+-------+-------+----------------------
         Total | 100.0 | 100.0 |   N/A |   N/A | 100.0 | 404.8
       Dungeon |  83.1 |  83.1 |   N/A |   N/A |  86.0 | 447.6
         Sewer |  16.9 |  16.9 |   N/A |   N/A |  14.0 | 510.0
               +-------+-------+-------+-------+-------+----------------------
